 Dungeon Crawl Stone Soup version 0.21.1-1-g345015f (webtiles) character file.

34 letownia2 the Conjurer (level 3, 0/19 HPs)
             Began as a Tengu Air Elementalist on Mar 3, 2018.
             Slain by an ogre
             ... wielding a +0 giant club
              (7 damage)
             ... on level 4 of the Dungeon.
             The game lasted 00:04:09 (526 turns).

letownia2 the Conjurer (Tengu Air Elementalist)      Turns: 526, Time: 00:04:10

Health: 0/19       AC:  4    Str:  8    XL:     3   Next: 31%
Magic:  2/7        EV: 12    Int: 16    God:
Gold:   82         SH:  0    Dex: 14    Spells: 3/6 levels left

rFire    . . .     SeeInvis .   i - +0 whip
rCold    . . .     Gourm    .   (no shield)
rNeg     . . .     Faith    .   k - +0 leather armour (curse)
rPois    .         Spirit   .   (helmet restricted)
rElec    .         Reflect  .   (no cloak)
rCorr    .         Harm     .   j - +0 pair of gloves
MR       .....                  (boots unavailable)
Stlth    ++........             (no amulet)
HPRegen  0.06/turn              (no ring)
MPRegen  0.10/turn              (no ring)

@: no status effects
A: beak, talons 3
a: no special abilities


You were on level 4 of the Dungeon.
You were not hungry.

You visited 1 branch of the dungeon, and saw 4 of its levels.

You collected 82 gold pieces.

Inventory:

Hand Weapons
 i - a +0 whip (weapon)
Armour
 a - a +0 robe
 j - a +0 pair of gloves (worn)
 k - a cursed +0 leather armour (worn)
Scrolls
 d - 2 scrolls of immolation {unknown}
 f - a scroll of enchant weapon {unknown}
 g - a scroll of fear {unknown}
 l - a scroll of identify {unknown}
 m - a scroll of enchant armour {unknown}
Potions
 e - 2 potions of lignification {unknown}
Books
 b - a book of Air

   Spells                             Type                      Level
   a - Shock                          Conjuration/Air              1
   b - Swiftness                      Charms/Air                   2
   c - Static Discharge               Conjuration/Air              3
   d - Airstrike                      Air                          4
   e - Lightning Bolt                 Conjuration/Air              5
Comestibles
 c - a ration


   Skills:
 - Level 2.1 Dodging
 - Level 2.0 Stealth
 - Level 2.0 Spellcasting
 + Level 4.2 Conjurations
 - Level 4.0 Air Magic


You had 3 spell levels left.
You knew the following spells:

 Your Spells              Type           Power        Failure   Level  Hunger
a - Shock                 Conj/Air       ##..         5%          1    #......
d - Swiftness             Chrm/Air       #.......     21%         2    ###....


Dungeon Overview and Level Annotations

Branches:
Dungeon (4/15)
 Temple: D:4-7

Altars:
Nemelex Xobeh

Annotations:
D:3 Ijyb


Innate Abilities, Weirdness & Mutations

You have a beak for a mouth.
You have claws for feet.


Message History

Unknown command.
Casting: Shock
Confirm with . or Enter, or press ? or * to list all spells.
Aiming: Shock
Press: ? - help, Shift-Dir - straight line, p - ogre The zap hits the ogre.
The ogre is almost dead.
The zap misses the ogre.
The ogre barely misses you.
Unknown command.
Unknown command.
Casting: Shock
Confirm with . or Enter, or press ? or * to list all spells.
Aiming: Shock
Press: ? - help, Shift-Dir - straight line The zap hits the ogre.
The ogre is almost dead.
The zap hits the ogre.
The ogre is almost dead.
The ogre hits you with a giant club!
You die...

#.#+##+###############
#....................#
#..................<.#
#...............>....#
#....................#
#....................#
#....................#
#....................#
#.#'##.#####..O@.....#
#.#.##.# #.........#
#.#.# # #.........#
##.#.# ###########
...#.# ####.# #+#


You could see an ogre.

Vanquished Creatures
  An ooze (D:2)
  A worm (D:2)
  2 leopard geckos
  An orc (D:2)
  A ball python (D:1)
  3 bats
  A giant cockroach (D:2)
  2 goblins
  2 hobgoblins
  3 jackals (D:2)
  A quokka (D:2)
  A kobold (D:1)
  2 rats
21 creatures vanquished.

Notes
Turn   | Place    | Note
-------+----------+-------------------------------------------
     0 | D:1      | letownia2 the Tengu Air Elementalist began the quest for the Orb.
     0 | D:1      | Reached XP level 1. HP: 10/10 MP: 4/4
   102 | D:2      | Reached XP level 2. HP: 15/15 MP: 1/6
   306 | D:3      | Noticed Ijyb
   309 | D:3      | Reached XP level 3. HP: 13/19 MP: 3/7
   315 | D:2      | Learned a level 2 spell: Swiftness
   403 | D:2      | Found a sparkling altar of Nemelex Xobeh.
   480 | D:4      | Noticed an ogre
   526 | D:4      | Slain by an ogre

Skill      XL: |  1  2  3 |
---------------+----------+-----
Conjurations   | 2 3 4 |  4.2
Dodging        | |  2.1
Stealth        | |  2.0
Spellcasting   | |  2.0
Air Magic      | |  4.0

Action                   || total
-------------------------++-------
Melee: Unarmed           ||     1
       Whip              ||     4
       Peck              ||     2
       Kick              ||     1
 Cast: Shock             ||    36
Armor: Robe              ||     3
       Leather armour    ||     2
Dodge: Dodged            ||    21
